 Dungeon Crawl Stone Soup version 0.24-a0-307-gf989941d98 (webtiles) character file.

Game seed: 8696170526497446287

40593 EnegeticOcto the Covert (level 13, -7/84 HPs)
             Began as a Deep Elf Berserker on May 13, 2019.
             Was an Elder of Trog.
             Mangled by a sun demon (11 damage)
             ... on level 6 of the Lair of Beasts.
             The game lasted 00:56:08 (22675 turns).

EnegeticOcto the Covert (Deep Elf Berserker)       Turns: 22675, Time: 00:56:09

Health: -7/84      AC: 10    Str: 20    XL:     13   Next: 75%
Magic:  18/18      EV: 21    Int: 14    God:    Trog [****..]
Gold:   1228       SH:  6    Dex: 22    Spells: 12/12 levels left

rFire    . . .     SeeInvis .   q - +0 rapier
rCold    . . .     Gourm    .   x - +0 buckler
rNeg     . . .     Faith    +   P - +0 scale mail "Huucewk Qaidgh" {Dex+5 Slay+5}
rPois    .         Spirit   .   b - +0 helmet
rElec    .         Reflect  .   y - +0 cloak
rCorr    .         Harm     .   m - +0 pair of gloves
MR       +....                  K - +0 pair of boots
Stlth    ++++......             H - amulet of faith
HPRegen  0.24/turn              D - +5 ring of strength
MPRegen  0.16/turn              a - +2 ring of evasion

@: no status effects
A: no striking features
a: Berserk, Trog's Hand, Brothers in Arms, Renounce Religion


You were on level 6 of the Lair of Beasts.
You worshipped Trog.
Trog was greatly pleased with you.
You were not hungry.

You visited 2 branches of the dungeon, and saw 17 of its levels.
You also visited: Ice Cave.

You collected 1228 gold pieces.

Inventory:

Hand Weapons
 q - a +0 rapier (weapon)
Missiles
 j - 44 poisoned darts
 p - 10 atropa-tipped darts
 A - 7 javelins
 C - 8 boomerangs
 G - 4 silver boomerangs
 N - a silver javelin (quivered)
Armour
 b - a +0 helmet (worn)
 c - the +4 chain mail of the Old World {MR+ rCorr}
   (You found it on level 5 of the Lair of Beasts)

   It affects your resistance to hostile enchantments.
   It provides partial protection from all sources of acid and corrosion.
 m - a +0 pair of gloves (worn)
 o - a +0 leather armour of poison resistance
 x - a +0 buckler (worn)
 y - a +0 cloak (worn)
 K - a +0 pair of boots (worn)
 P - the +0 scale mail "Huucewk Qaidgh" (worn) {Dex+5 Slay+5}
   (You found it on level 2 of the Lair of Beasts)

   It affects your dexterity (+5).
   It affects your accuracy and damage with ranged weapons and melee attacks
   (+5).
Jewellery
 a - a +2 ring of evasion (right hand)
 D - a +5 ring of strength (left hand)
 F - an uncursed ring of protection from cold
 H - an amulet of faith (around neck)
Wands
 w - a wand of flame (35)
Scrolls
 d - 8 scrolls of fog {!r}
 i - a scroll of teleportation {@r3 !r}
 u - 3 scrolls of remove curse {@r2}
 z - 3 scrolls of enchant weapon
 I - a scroll of fear {!r}
Potions
 f - 3 potions of flight
 g - 6 potions of curing {@q1 !q}
 h - a potion of haste {@q4 !q}
 n - 3 potions of brilliance
 r - a potion of berserk rage
 s - 2 potions of might {@q3 !q}
 v - a potion of magic
 B - a potion of cancellation
 M - a potion of mutation
Miscellaneous
 L - a phantom mirror
Comestibles
 e - 33 rations


   Skills:
 + Level 11.0 Fighting
 - Level 10.0 Short Blades
 + Level 8.8 Throwing
 - Level 1.7 Armour
 + Level 11.2 Dodging
 + Level 11.7 Stealth
 + Level 5.9 Shields
 - Level 5.0 Evocations


You had 12 spell levels left.
You didn't know any spells.
Your spell library was empty.

Dungeon Overview and Level Annotations

Branches:
Dungeon (11/15)            Temple (0/1) D:7            Lair (6/6) D:9
 Shoals (0/4) Lair:4        Snake (0/4) Lair:4        Slime (0/5) Lair:5
    Orc: D:9-12

Altars:
Elyvilon
Fedhas
Makhleb
Qazlal
Uskayaw
Vehumet
Xom
Yredelemnul

Shops:
D:5 :

Annotations:
D:6 2 transporters
D:8 exclusions: 2 doors and 2 more exclusions
D:11 Josephine
Lair:1 exclusion: hydra, Gastronok
Lair:6 1 runed translucent door, pentaxis93's ghost, journeyman DEFE


Message History

Aim: a hell hound (hasn't noticed you)
You throw a silver javelin. The hell hound barks!
The silver javelin pierces through the sun demon!
The sun demon is moderately wounded.
The silver javelin pierces through the hell hound!!
You kill the hell hound!
Trog accepts your kill.
The silver javelin pierces through the hell hound!
The hell hound is moderately wounded.
Throwing (i - inventory. (/) - cycle)
N - 8 silver javelins (quivered)
Press: ? - help, Shift-Dir - straight line, p - hell hound You throw a silver javelin.
The silver javelin pierces through the sun demon.
The sun demon is moderately wounded.
The silver javelin pierces through the ice devil!
The ice devil is severely wounded.
The silver javelin pierces through the hell hound.
The hell hound is heavily wounded.
An orange demon comes into view.
A smoke demon comes into view.
The sun demon barely misses you.
Throwing (i - inventory. (/) - cycle)
N - 7 silver javelins (quivered)
Press: ? - help, Shift-Dir - straight line, f - smoke demon
Aim: a smoke demon (hasn't noticed you)
You throw a silver javelin.
The silver javelin barely misses the sun demon.
The smoke demon roars!
The silver javelin pierces through the ice devil!!
You kill the ice devil!
Trog accepts your kill.
The silver javelin barely misses the orange demon.
The silver javelin pierces through the hell hound.
The hell hound is heavily wounded.
The silver javelin barely misses the smoke demon.
You block the sun demon's attack.
Throwing (i - inventory. (/) - cycle)
N - 6 silver javelins (quivered)
Press: ? - help, Shift-Dir - straight line, f/p - smoke demon
Aim: a smoke demon You throw a silver javelin.
The silver javelin pierces through the sun demon!!
The sun demon is severely wounded.
The silver javelin pierces through the orange demon!
The orange demon is moderately wounded.
The silver javelin closely misses the smoke demon.
The sun demon misses you. The orange demon misses you.
Throwing (i - inventory. (/) - cycle)
N - 5 silver javelins (quivered)
Press: ? - help, Shift-Dir - straight line, f/p - smoke demon
Aim: a smoke demon You throw a silver javelin.
The silver javelin barely misses the sun demon.
The silver javelin barely misses the orange demon.
The silver javelin pierces through the smoke demon.
The smoke demon is lightly wounded.
The sun demon hits you but does no damage.
The orange demon misses you. The sun demon misses you.
Throwing (i - inventory. (/) - cycle)
N - 4 silver javelins (quivered)
Press: ? - help, Shift-Dir - straight line, f/p - smoke demon
Aim: a smoke demon (lightly wounded)
You throw a silver javelin.
The silver javelin barely misses the sun demon.
The silver javelin pierces through the orange demon!!
The orange demon is severely wounded.
The silver javelin pierces through the smoke demon!!
The smoke demon is severely wounded.
The orange demon barely misses you. The smoke demon gestures at you.
Something smites you! The sun demon completely misses you.
Throwing (i - inventory. (/) - cycle)
N - 3 silver javelins (quivered)
Press: ? - help, Shift-Dir - straight line, p - smoke demon You throw a silver javelin.
The silver javelin barely misses the sun demon.
The silver javelin pierces through the orange demon!!
You kill the orange demon!
Trog accepts your kill.
The silver javelin pierces through the orange demon!!
The orange demon is heavily wounded.
The silver javelin pierces through the smoke demon!
You kill the smoke demon!
Trog accepts your kill. The sun demon misses you.
Throwing (i - inventory. (/) - cycle)
N - 2 silver javelins (quivered)
Press: ? - help, Shift-Dir - straight line You throw a silver javelin.
The silver javelin pierces through the sun demon.
The sun demon is severely wounded.
The silver javelin pierces through the orange demon!!!
You kill the orange demon!
Trog accepts your kill.
The silver javelin pierces through the hell hound but does no damage.
The hell hound is heavily wounded.
The sun demon hits you!!
You are engulfed in flames!
* * * LOW HITPOINT WARNING * * *
The hell hound breathes flames at you.
The blast of flame hits the sun demon.
The sun demon completely resists.
The blast of flame hits you!
* * * LOW HITPOINT WARNING * * *
The sun demon hits you.
* * * LOW HITPOINT WARNING * * *
You are engulfed in flames!
You die...

♣♣.......♣♣♣ ♣.....♣
♣♣)♣♣.♣♣♣ ######''#######
♣♣♣♣♣'#########.............#
♣#........#...8....8....#
#..8.8...+.............# ♣
#...#.8..############### ♣♣
#..#.8...# ....( .♣
#...8.#..#.....( .♣
#..8.#..@3.h.._( ♣♣
#...8.8..#...... ♣ #.......[#
..§§§ ########## #§§§ §≈ #


You could see a sun demon and a hell hound.

Vanquished Creatures
  3 hydras
  4 two-headed ogres
  A death yak (Lair:6)
  A queen ant (D:11)
  A wizard (Lair:6)
  2 oklob plants (Lair:2)
  3 black mambas
  A torpor snail (Lair:5)
  A smoke demon (Lair:6)
  10 spiny frogs
  4 orange demons (Lair:6)
  2 komodo dragons
  5 rime drakes
  An ice devil (Lair:6)
  A merfolk (Lair:4)
  A queen bee (D:10)
  Grinder (D:5)
  A polar bear (Lair:6)
  6 dream sheep (Lair:5)
  5 hippogriffs
  2 wraiths
  16 yaks
  3 wyverns
  3 basilisks
  A steam dragon (D:11)
  Grum (D:8)
  2 nagas (Lair:4)
  3 soldier ants (D:11)
  10 water moccasins
  6 porcupines
  4 hell hounds (Lair:6)
  An orc warrior (D:9)
  An ice beast (D:5)
  3 sky beasts
  3 ogres
  5 centaurs
  10 wolves
  7 crocodiles
  A big kobold (D:11)
  11 bullfrogs
  3 scorpions
  35 killer bees
  3 wights (D:9)
  3 howler monkeys
  2 centaur zombies
  4 crimson imps
  2 bullfrog zombies (D:11)
  3 hounds
  A jelly (D:6)
  2 orc wizards
  3 orc priests
  A centaur skeleton (D:6)
  A gnoll shaman (D:5)
  2 bullfrog skeletons
  An iguana (D:5)
  24 worker ants
  3 worker ant zombies
  7 gnolls (D:5)
  A howler monkey skeleton (D:9)
  10 adders
  A shadow imp (D:5)
  2 oozes (D:3)
  An adder zombie (D:5)
  2 adder skeletons (D:5)
  3 worms
  2 dart slugs (D:1)
  5 leopard geckos
  17 orcs
  3 giant cockroaches
  8 hobgoblins
  12 jackals
  A quokka (D:3)
  2 ball pythons
  9 bats
  6 frilled lizards
  8 goblins
  11 kobolds
  A leopard gecko skeleton (D:3)
  A quokka skeleton (D:7)
  4 rats
  A plant (Lair:2)
358 creatures vanquished.

Vanquished Creatures (collateral kills)
  2 death yaks (D:9)
  A wolf spider zombie (D:11)
  A queen bee (Lair:3)
  5 dream sheep (Lair:5)
  2 yaks
  A water moccasin (Lair:3)
  A crocodile (Lair:5)
  A bullfrog (Lair:3)
  7 killer bees (Lair:3)
21 creatures vanquished.

Vanquished Creatures (others)
  5 fungi
  2 plants
7 creatures vanquished.

Grand Total: 386 creatures vanquished

Notes
Turn   | Place    | Note
-------+----------+-------------------------------------------
     0 | D:1      | EnegeticOcto the Deep Elf Berserker began the quest for the
                  | Orb.
     0 | D:1      | Reached XP level 1. HP: 13/13 MP: 3/3
   121 | D:1      | Reached XP level 2. HP: 16/18 MP: 4/4
   366 | D:1      | Reached ** piety under Trog
   586 | D:1      | Reached XP level 3. HP: 18/22 MP: 5/5
   731 | D:1      | Reached skill level 1 in Stealth
  1620 | D:2      | Reached skill level 1 in Throwing
  2018 | D:2      | Found a faded altar of an unknown god.
  2228 | D:3      | Reached XP level 4. HP: 26/27 MP: 6/6
  2658 | D:3      | Reached XP level 5. HP: 28/32 MP: 7/7
  3169 | D:4      | Noticed an ogre
  3175 | D:4      | Killed an ogre
  3364 | D:4      | Reached XP level 6. HP: 37/37 MP: 8/8
  4512 | D:5      | Entered Level 5 of the Dungeon
  4564 | D:5      | Reached skill level 5 in Short Blades
  4604 | D:5      | Noticed Grinder
  4624 | D:5      | Paralysed by Grinder for 3 turns
  4635 | D:5      | Killed Grinder
  4635 | D:5      | Reached XP level 7. HP: 27/41 MP: 9/9
  5142 | D:5      | Reached skill level 5 in Dodging
  5299 | D:5      | Reached *** piety under Trog
  5495 | D:5      | Found Cejoolups's Book Boutique.
  5510 | D:5      | Reached XP level 8. HP: 48/48 MP: 10/10
  5971 | D:5      | Noticed a two-headed ogre
  5995 | D:5      | Killed a two-headed ogre
  5995 | D:5      | Reached skill level 5 in Stealth
  6273 | D:6      | Found a stormy altar of Qazlal.
  6275 | D:6      | Noticed an air elemental
  6415 | D:6      | Found a transporter.
  6499 | D:6      | Reached XP level 9. HP: 51/52 MP: 11/11
  6744 | D:6      | Found a transporter.
  7261 | D:7      | Found a staircase to the Ecumenical Temple.
  7713 | D:7      | Reached skill level 5 in Fighting
  7799 | D:7      | Found a blossoming altar of Fedhas.
  8074 | D:7      | You fall through a shaft for 2 floors!
  8108 | D:8      | Found a stormy altar of Qazlal.
  8734 | D:8      | Noticed Grum
  8760 | D:8      | Killed Grum
  9060 | D:9      | Reached skill level 5 in Throwing
  9310 | D:9      | Noticed a two-headed ogre
  9534 | D:9      | Found a radiant altar of Vehumet.
  9537 | D:9      | Found a hide-covered altar of Uskayaw.
  9554 | D:9      | Found a basalt altar of Yredelemnul.
  9559 | D:9      | Found a shimmering altar of Xom.
  9572 | D:9      | Noticed a death yak
  9658 | D:9      | Killed a two-headed ogre
  9658 | D:9      | Reached XP level 10. HP: 60/60 MP: 12/12
  9763 | D:9      | Noticed a two-headed ogre
  9803 | D:9      | Killed a two-headed ogre
  9803 | D:9      | Reached skill level 1 in Shields
 10362 | D:10     | Entered Level 10 of the Dungeon
 10609 | D:10     | Noticed a two-headed ogre
 10621 | D:10     | Killed a two-headed ogre
 10946 | D:10     | Reached skill level 10 in Short Blades
 10979 | D:10     | Reached **** piety under Trog
 11493 | D:11     | Reached XP level 11. HP: 65/65 MP: 13/13
 11695 | D:11     | Noticed Josephine
 11913 | D:11     | Noticed a queen ant
 12014 | D:11     | Killed a queen ant
 12534 | D:11     | Reached ***** piety under Trog
 12684 | D:11     | Found a white marble altar of Elyvilon.
 13174 | D:11     | Reached skill level 10 in Fighting
 13174 | D:11     | Reached XP level 12. HP: 77/77 MP: 14/14
 13492 | D:9      | Received a gift from Trog
 13670 | D:9      | Noticed a death yak
 13808 | D:9      | Noticed a death yak
 13828 | D:9      | Killed a death yak
 14269 | D:9      | Killed a death yak
 14276 | D:9      | Found a staircase to the Lair.
 14329 | Lair:1   | Entered Level 1 of the Lair of Beasts
 14391 | Lair:2   | Found a frozen archway.
 14420 | IceCv    | Entered an ice cave
 14445 | Lair:2   | Reached skill level 1 in Evocations
 15837 | Lair:1   | Reached skill level 10 in Stealth
 16318 | Lair:1   | Noticed an eight-headed hydra
 16801 | Lair:1   | Noticed Gastronok
 17192 | Lair:2   | Received a gift from Trog
 17214 | Lair:2   | Got a warped scale mail
 17225 | Lair:2   | Identified the cursed +0 scale mail "Huucewk Qaidgh" {Dex+5
                  | Slay+5} (You found it on level 2 of the Lair of Beasts)
 17305 | Lair:3   | Reached skill level 10 in Dodging
 17898 | Lair:3   | Received a gift from Trog
 18662 | Lair:4   | You fall through a shaft for 2 floors!
 18662 | Lair:6   | Entered Level 6 of the Lair of Beasts
 18701 | Lair:6   | Reached XP level 13. HP: 83/83 MP: 17/17
 19202 | Lair:6   | Found a runed translucent door.
 19205 | Lair:6   | Noticed pentaxis93's ghost (journeyman DEFE)
 19551 | Lair:6   | Reached skill level 5 in Shields
 19591 | Lair:6   | Received a gift from Trog
 20143 | Lair:4   | Found a staircase to the Shoals.
 20237 | Lair:4   | Reached skill level 5 in Evocations
 20427 | Lair:4   | Found a staircase to the Snake Pit.
 20769 | Lair:5   | Got a heavily runed chain mail
 20784 | Lair:5   | Identified the +4 chain mail of the Old World {MR+ rCorr}
                  | (You found it on level 5 of the Lair of Beasts)
 21724 | Lair:5   | Found a staircase to the Slime Pits.
 22662 | Lair:6   | Found a burning altar of Makhleb.
 22675 | Lair:6   | HP: 4/84 [sun demon (3)]
 22675 | Lair:6   | Mangled by a sun demon

Levels and vault maps discovered:
D:1:      lightli_arrival_statue_moat, layout_basic, corexii_leaking_fountain,
          minmay_misc_feat_nine_boxes
D:2:      layout_loops_cross, chequers_ecumenical_altar_simple_redux,
          corexii_item_surrounded_by_moat
D:3:      layout_basic, hex_large
D:4:      layout_basic, first_ration, chequers_serial_rivers_small_b
D:5:      layout_rooms, serial_shops, shop, uniq_grinder
D:6:      gammafunk_cloud_chamber, layout_cave_pods,
          nicolae_qazlal_style_of_elements
D:7:      layout_loops_cross, kennysheep_mini, minmay_temple_entry_arrows
D:8:      layout_gridville, basic_altar, uniq_grum
D:9:      layout_roguey, grunt_temple_overflow_cloverleaf, dpeg_lair_monsters,
          enter_bailey_8
D:10:     layout_rooms, david_nohive_1, dk_noncrumbling_4
D:11:     layout_basic, basic_altar, minmay_another_anthill, uniq_josephine
Lair:1:   layout_regular_city, lemuel_fruit_tree, lemuel_fruit_fields,
          uniq_gastronok
Lair:2:   layout_concentric_octagons, gauntlet_entry_generic,
          portal_ice_cave_rime, minmay_lair_oklob_chamber
Lair:3:   layout_hall_layers, special_room [special_room_bee],
          infiniplex_staircase_pool, grunt_megastairs_5
Lair:4:   layout_regular_city, elwin_shoals_entry_rooms,
          guppyfry_snake_entry_island
Lair:5:   layout_cave_shapes, dpeg_slime_entry_corner
Lair:6:   evil_forest, layout_cave_pods, hellmonk_ghost_happy_afterlife,
          serial_bayou_pond_d

Skill      XL: |  1  2  3  4  5  6  7  8  9 10 11 12 13 |
---------------+----------------------------------------+-----
Dodging        | 3 4 5 6 7 8 9 10 11 | 11.2
Stealth        | 1 2 3 4 5 7 8 9 10 11 | 11.7
Throwing       | 1 2 3 4 5 6 7 8 |  8.8
Short Blades   | 4 5 6 7 9 10 | 10.0
Fighting       | 3 4 5 6 10 11 | 11.0
Shields        | 2 3 4 5 |  5.9
Evocations     | 3 5 |  5.0
Armour         | |  1.7

Action                   |  1- 3 |  4- 6 |  7- 9 | 10-12 | 13-15 || total
-------------------------+-------+-------+-------+-------+-------++-------
Melee: Short sword       |   158 |   217 |   129 |       |       ||   504
       Rapier            |       |       |   217 |   668 |   229 ||  1114
Throw: Dart              |       |     5 |    90 |   190 |    29 ||   314
       Javelin           |       |       |     5 |    11 |    13 ||    29
       Boomerang         |       |       |       |    74 |    68 ||   142
       Throwing net      |       |       |       |     1 |       ||     1
Invok: Berserk           |     6 |     8 |     9 |    10 |     5 ||    38
       Trog's Hand       |       |     2 |     5 |    11 |     4 ||    22
       Brothers in Arms  |       |       |       |     4 |     3 ||     7
Evoke: Wand              |       |       |       |     9 |       ||     9
  Use: Scroll            |       |     7 |     4 |     9 |     6 ||    26
       Potion            |       |     1 |       |    11 |       ||    12
 Stab: Sleeping          |     6 |     3 |     4 |    10 |     2 ||    25
       Invisible         |       |       |     4 |     8 |       ||    12
       Distracted        |       |       |     1 |     2 |     1 ||     4
  Eat: Chunk             |    10 |    11 |    18 |    16 |    19 ||    74
       Ration            |       |     1 |     3 |     8 |       ||    12
Armor: Animal skin       |    30 |       |       |       |       ||    30
       Ring mail         |     7 |    27 |    85 |    90 |       ||   209
       Leather armour    |       |     7 |       |       |       ||     7
       Skin              |       |       |       |    36 |       ||    36
       Scale mail        |       |       |       |    16 |    37 ||    53
Dodge: Dodged            |   114 |   111 |   226 |   403 |   131 ||   985
Block: Buckler           |       |       |       |   145 |    44 ||   189

Table legend:
 A = Non-vault XP
 B = Vault XP
 C = Vault XP percentage of total XP
 D = Non-vault monster count
 E = Vault monster count
 F = Vault count percentage of total count
                 A         B        C        D         E       F
            +---------+---------+-------+---------+---------+-------
      Total |   27042 |   18631 |  40.8 |     269 |     109 |  28.8
            +---------+---------+-------+---------+---------+-------
        D:1 |      67 |       0 |   0.0 |      38 |       0 |   0.0
        D:2 |      24 |       0 |   0.0 |       6 |       0 |   0.0
        D:3 |     125 |       0 |   0.0 |      27 |       0 |   0.0
        D:4 |     386 |       0 |   0.0 |       9 |       0 |   0.0
        D:5 |    1648 |     295 |  15.2 |      25 |       1 |   3.8
        D:6 |     450 |       0 |   0.0 |       8 |       0 |   0.0
        D:7 |    1142 |       0 |   0.0 |      20 |       0 |   0.0
        D:8 |     127 |     534 |  80.8 |       1 |       4 |  80.0
        D:9 |    3055 |    1175 |  27.8 |      19 |       4 |  17.4
       D:10 |    1968 |    1253 |  38.9 |      17 |      16 |  48.5
       D:11 |    1052 |    2255 |  68.2 |      19 |      26 |  57.8
     Lair:1 |    2217 |       0 |   0.0 |      11 |       0 |   0.0
     Lair:2 |    2255 |    2174 |  49.1 |      12 |       6 |  33.3
     Lair:3 |    1303 |    1495 |  53.4 |       9 |      25 |  73.5
     Lair:4 |    2687 |     638 |  19.2 |      13 |       3 |  18.8
     Lair:5 |    5124 |       0 |   0.0 |      23 |       0 |   0.0
     Lair:6 |    3412 |    8812 |  72.1 |      12 |      24 |  66.7
            +---------+---------+-------+---------+---------+-------
